 Dungeon Crawl Stone Soup version 0.25.0-15-gac7dcb8919 (webtiles) character file.

Game seed: 9737144048125647121

1547 protoss039 the Reanimator (level 8, -9/61 HPs)
             Began as a Demonspawn Necromancer on June 30, 2020.
             Mangled by Menkaure (10 damage)
             ... on level 6 of the Dungeon.
             The game lasted 00:28:01 (7554 turns).

protoss039 the Reanimator (Demonspawn Necromancer)  Turns: 7554, Time: 00:28:01

Health: -9/61      AC: 13    Str: 11    XL:     8   Next: 57%
Magic:  17/17      EV: 13    Int: 19    God:
Gold:   220        SH:  0    Dex: 13    Spells: 5/19 levels left

rFire    + . .     SeeInvis .   q - +1 short sword (venom)
rCold    . . .     Gourm    .   (no shield)
rNeg     . . .     Faith    .   r - +3 ring mail {rPois}
rPois    +         Spirit   .   (no helmet)
rElec    .         Reflect  .   s - +2 cloak {rPois}
rCorr    .         Harm     .   v - +1 pair of gloves of the Slightly Bent {rF+ Str+2}
MR       .....                  (boots unavailable)
Stlth    +.........             (no amulet)
HPRegen  0.20/turn              (no ring)
MPRegen  0.15/turn              (no ring)

@: drained
A: hooves 3, repulsion field 1, rot immunity
a: no special abilities


You were on level 6 of the Dungeon.
You were not hungry.

You visited 2 branches of the dungeon, and saw 7 of its levels.
You also visited: Ossuary.

You collected 220 gold pieces.

Inventory:

Hand Weapons
 q - a +1 short sword of venom (weapon)
Armour
 r - a +3 ring mail of poison resistance (worn)
 s - a +2 cloak of poison resistance (worn)
 v - the +1 pair of gloves of the Slightly Bent (worn) {rF+ Str+2}
   (You found it on level 5 of the Dungeon)

   It affects your strength (+2).
   It protects you from fire.
Scrolls
 d - 2 scrolls of remove curse
 f - 4 scrolls of teleportation
 i - 3 scrolls of identify
 k - 6 scrolls of amnesia
 m - 3 scrolls of fear
 o - 2 scrolls of immolation
 p - a scroll of enchant weapon {unknown}
Potions
 a - 3 potions of lignification
 e - 3 potions of stabbing
 g - a potion of brilliance
 h - a potion of flight
 j - 2 potions of curing
 l - 2 potions of mutation
 n - 3 potions of heal wounds
 u - a potion of might
Comestibles
 c - 7 rations


   Skills:
 * Level 4.4(3.7) Fighting
 - Level 3.0(2.3) Dodging
 - Level 3.0(2.3) Stealth
 + Level 6.4(5.7) Spellcasting
 - Level 8.0(7.2) Necromancy


You had 5 spell levels left.
You knew the following spells:

 Your Spells              Type           Power        Failure   Level  Hunger
a - Pain                  Necr           ####         1%          1    None
b - Animate Skeleton      Necr           N/A          1%          1    None
c - Vampiric Draining     Necr           ####......   4%          3    ##.....
d - Animate Dead          Necr           N/A          14%         4    ####...
e - Agony                 Necr           ####....     36%         5    #####..

Your spell library contained the following spells:

 Spells                   Type           Power        Failure   Level  Hunger
 Apportation              Tloc           #.....       28%         1    None
 Corona                   Hex            #......      28%         1    None
 Summon Small Mammal      Summ           #...         28%         1    None


Dungeon Overview and Level Annotations

Branches:
Dungeon (6/15)             Temple (1/1) D:6         Ossuary (visited)

Altars:
Ashenzari
Cheibriados
Dithmenos
Elyvilon
Fedhas
Gozag
Hepliaklqana
Makhleb
Nemelex Xobeh
Okawaru
Qazlal
Ru
Sif Muna
Trog
Uskayaw
Vehumet
Wu Jian
Xom
Yredelemnul
Zin
The Shining One

Annotations:
D:6 Menkaure


Innate Abilities, Weirdness & Mutations

You have hooves in place of feet.
You are surrounded by a mild repulsion field. (EV +2)
You are immune to rotting.


Message History

Press: ? - help, Shift-Dir - straight line, f - Menkaure
Aim: Menkaure (heavily damaged)
You can't drain life from that!
You hit Menkaure. You kick Menkaure.
Menkaure is almost destroyed.
Menkaure closely misses you.
You hit Menkaure. You kick Menkaure, but do no damage.
Menkaure is almost destroyed.
Menkaure casts a spell at you. Pain shoots through your body!
* * * LOW HITPOINT WARNING * * *
You completely miss Menkaure.
Menkaure is almost destroyed.
Menkaure hits you!!
* * * LOW HITPOINT WARNING * * *
Your ring mail prevents you from hitting Menkaure.
Your kick misses Menkaure.
Menkaure is almost destroyed.
Menkaure hits you!
You die...

#...##.......
#............
######............
#......####.......
#.###### #..#####
#.# #.... .. #.#
##.##### #.# #.#
#@# #.. #M# ##.
#.# .# #.# #.# #.#
#.# #..


You could see Menkaure.

Vanquished Creatures
  An orc warrior (D:6)
  A phantom (D:4)
  2 ogres (D:5)
  A necrophage (D:5)
  2 bullfrogs (D:6)
  A scorpion (D:6)
  2 wights (D:6)
  4 crimson imps
  A jelly (D:5)
  A centaur skeleton (D:4)
  2 hounds
  Crazy Yiuf (D:4)
  A bullfrog skeleton (D:5)
  4 iguanas
  2 orc wizards
  A worker ant (D:5)
  Natasha (thrice) (D:2)
  2 hound skeletons
  3 mummies (Ossuary)
  6 adders
  A shadow imp (D:6)
  An ooze (D:6)
  3 adder zombies (Ossuary)
  3 dart slugs
  10 orcs
  4 bats
  3 giant cockroaches
  9 goblins
  4 hobgoblins
  12 jackals
  6 kobolds
  2 quokkas
  5 frilled lizards
  A giant cockroach zombie (D:5)
  2 goblin zombies (Ossuary)
  3 hobgoblin zombies (Ossuary)
  2 kobold zombies (Ossuary)
  A leopard gecko skeleton (D:4)
  3 quokka zombies (Ossuary)
  8 rats
  5 rat zombies (Ossuary)
129 creatures vanquished.

Vanquished Creatures (collateral kills)
  2 wights (D:6)
2 creatures vanquished.

Vanquished Creatures (others)
  A quokka (D:2)
1 creature vanquished.

Grand Total: 132 creatures vanquished

Notes
Turn   | Place    | Note
-------+----------+-------------------------------------------
     0 | D:1      | protoss039 the Demonspawn Necromancer began the quest for
                  | the Orb.
     0 | D:1      | Reached XP level 1. HP: 13/13 MP: 3/3
   514 | D:1      | Gained mutation: You are immune to rotting. [demonic
                  | ancestry]
   514 | D:1      | Reached XP level 2. HP: 16/19 MP: 0/5
   697 | D:1      | Learned a level 1 spell: Animate Skeleton
  1330 | D:2      | Reached skill level 5 in Necromancy
  1779 | D:2      | Noticed Natasha
  1786 | D:2      | Killed Natasha
  1786 | D:2      | Gained mutation: You have large cloven feet. [demonic
                  | ancestry]
  1786 | D:2      | Reached XP level 3. HP: 9/24 MP: 1/6
  2223 | D:2      | Reached XP level 4. HP: 27/30 MP: 3/7
  2288 | D:2      | Found a stormy altar of Qazlal.
  2384 | D:2      | Found a white marble altar of Elyvilon.
  2425 | D:2      | Noticed Natasha
  2470 | D:2      | Killed Natasha
  2698 | D:2      | Noticed Natasha
  2706 | D:2      | Killed Natasha
  2706 | D:2      | Reached XP level 5. HP: 13/35 MP: 4/9
  3148 | D:3      | Found a faded altar of an unknown god.
  3603 | D:3      | Reached skill level 6 in Necromancy
  4065 | D:4      | Learned a level 3 spell: Vampiric Draining
  4070 | D:4      | Learned a level 4 spell: Animate Dead
  4082 | D:4      | Found a sand-covered staircase.
  4093 | Ossuary  | Entered an ossuary
  4122 | Ossuary  | HP: 1/52 [mummy (8)]
  4135 | Ossuary  | Gained mutation: You are surrounded by a mild repulsion
                  | field. (EV +2) [demonic ancestry]
  4135 | Ossuary  | Reached XP level 6. HP: 38/41 MP: 10/10
  4674 | D:4      | Found a hazy altar of Hepliaklqana.
  4855 | D:4      | Found a runed translucent door.
  4856 | D:4      | Noticed Crazy Yiuf
  4865 | D:4      | Killed Crazy Yiuf
  5136 | D:4      | Reached skill level 7 in Necromancy
  5530 | D:5      | Entered Level 5 of the Dungeon
  5537 | D:5      | Gained mutation: You have hoof-like feet. [demonic
                  | ancestry]
  5537 | D:5      | Reached XP level 7. HP: 47/47 MP: 12/12
  5630 | D:5      | Reached skill level 1 in Fighting
  5736 | D:5      | Reached skill level 8 in Necromancy
  6006 | D:5      | Learned a level 5 spell: Agony
  6047 | D:5      | Got a pair of distressingly furry gloves
  6053 | D:5      | Identified the +1 pair of gloves of the Slightly Bent {rF+
                  | Str+2} (You found it on level 5 of the Dungeon)
  6191 | D:5      | Found a hide-covered altar of Uskayaw.
  6194 | D:5      | Found a shadowy altar of Dithmenos.
  6543 | D:6      | Reached skill level 5 in Spellcasting
  6543 | D:6      | Gained mutation: You have hooves in place of feet. [demonic
                  | ancestry]
  6543 | D:6      | Reached XP level 8. HP: 21/58 MP: 1/15
  7363 | D:6      | Found a staircase to the Ecumenical Temple.
  7369 | Temple   | Entered the Ecumenical Temple
  7543 | D:6      | Noticed Menkaure
  7553 | D:6      | HP: 1/61 [Menkaure (18)]
  7554 | D:6      | Mangled by Menkaure

Illustrated notes

Levels and vault maps discovered:
D:1:      wander_arrival_fairy_ring, layout_basic, minmay_distorted
D:2:      layout_rooms, lemuel_round_altar, elyvilon_altar_4, uniq_natasha
D:3:      layout_basic, first_ration, chequers_ecumenical_altar_grove,
          minmay_crystal_room
D:4:      layout_rooms, overflow_temple_1_default, chequers_ossuary_entry_cave,
          wad_floor_pattern_untrapped, chequers_serial_rivers_large_a,
          uniq_crazy_yiuf_cottage
D:5:      layout_rooms, minitemple
D:6:      layout_loops_ring, minmay_temple_entry_hall,
          corexii_hall_statues_deadend, mrwooster_statue_mirror,
          grunt_ministairs_7, hangedman_decor_push,
          hangedman_abyss_or_decor_passed, corexii_checkpoint_b,
          bh_walls_and_bars, uniq_menkaure
Temple:   lightli_temple_of_artemis

Skill      XL: |  1  2  3  4  5  6  7  8 |
---------------+-------------------------+-----
Stealth        | 2 3 |  3.0
Necromancy     | 5 6 7 8 |  8.0
Dodging        | 2 3 |  3.0
Spellcasting   | 3 5 6 |  6.4
Fighting       | 3 4 |  4.4

Action                   |  1- 3 |  4- 6 |  7- 9 || total
-------------------------+-------+-------+-------++-------
Melee: Unarmed           |    25 |       |       ||    25
       Short sword       |    20 |   196 |   131 ||   347
       Kick              |     1 |    41 |    32 ||    74
 Cast: Pain              |    46 |    78 |    57 ||   181
       Animate Skeleton  |     2 |     1 |     1 ||     4
       Animate Dead      |       |     1 |     3 ||     4
       Vampiric Draining |       |       |     2 ||     2
  Use: Scroll            |       |    12 |     6 ||    18
       Potion            |       |     6 |       ||     6
 Stab: Sleeping          |     1 |       |     1 ||     2
       Distracted        |       |       |     1 ||     1
  Eat: Chunk             |     5 |     8 |     3 ||    16
       Ration            |       |     1 |     1 ||     2
Armor: Robe              |     6 |       |       ||     6
       Leather armour    |     6 |     7 |       ||    13
       Ring mail         |       |    80 |    52 ||   132
       Skin              |       |    64 |       ||    64
Dodge: Dodged            |    40 |   125 |    70 ||   235
